 Dungeon Crawl Stone Soup version 0.26-a0-1106-g6dfc622489 (webtiles) character file.

Game seed: 13700850981952767517

2142 KristoblXynda the Cleaver (level 9, 0/94 HPs)
             Began as a Demonspawn Gladiator on Dec 16, 2020.
             Was a Believer of Okawaru.
             Slain by an orc warlord
             ... wielding a cursed -3 glaive
              (47 damage)
             ... in a bailey.
             The game lasted 00:14:43 (6777 turns).

KristoblXynda the Cleaver (Demonspawn Gladiator)    Turns: 6777, Time: 00:14:44

Health: 0/94       AC: 16    Str: 17    XL:     9   Next: 9%
Magic:  8/9        EV: 16    Int: 10    God:    Okawaru [**....]
Gold:   409        SH:  0    Dex: 21    Spells: 8/8 levels left

rFire    . . .     SeeInvis .   a - +0 war axe
rCold    . . .     Faith    .   (no shield)
rNeg     . . .     Spirit   .   p - +0 chain mail
rPois    .         Reflect  .   c - +0 helmet
rElec    .         Harm     .   s - +0 cloak {rCorr}
rCorr    +         Rampage  .   j - +0 pair of gloves
Will     .....                  (no boots)
Stlth    ..........             (no amulet)
HPRegen  0.25/turn              (no ring)
MPRegen  0.11/turn              b - +6 ring of dexterity

@: mighty, berserking (expiring), heroism, flying, very quick
A: talons 2, demonic guardian 1, spiny 1, sturdy frame 1
a: Heroism, Renounce Religion


You were in a bailey.
You worshipped Okawaru.
Okawaru was pleased with you.
You visited 2 branches of the dungeon, and saw 8 of its levels.
You also visited: Bailey.

You collected 409 gold pieces.

Inventory:

Hand Weapons
 a - a +0 war axe (weapon)
Missiles
 d - 2 throwing nets (quivered)
Armour
 c - a +0 helmet (worn)
 j - a +0 pair of gloves (worn)
 p - a +0 chain mail (worn)
 s - a +0 cloak of preservation (worn)
Jewellery
 b - a +6 ring of dexterity (right hand)
 g - an uncursed ring of magical power
 u - an uncursed ring of ice
 y - a +6 ring of intelligence
Scrolls
 e - a scroll of fear
 f - a scroll of blinking
 l - a scroll of remove curse
 n - 4 scrolls of teleportation
 o - a scroll of enchant armour {unknown}
 r - a scroll of immolation {unknown}
 z - a scroll of random uselessness {unknown}
Potions
 h - 3 potions of resistance
 i - 2 potions of mutation
 k - a potion of flight
 m - a potion of curing
 q - a potion of magic
 t - a potion of haste {unknown}
 v - a potion of lignification {unknown}
 x - 2 potions of brilliance
 B - a potion of berserk rage


   Skills:
 - Level 3.0(8.0) Fighting
 - Level 8.0(13.0) Axes
 - Level 2.0(7.0) Throwing
 + Level 5.2(10.2) Armour
 + Level 6.1(11.1) Dodging
 + Level 0.0(5.0) Unarmed Combat
 + Level 0.0 Invocations


You had 8 spell levels left.
You didn't know any spells.
Your spell library was empty.

Dungeon Overview and Level Annotations

Branches:
Dungeon (7/15)             Temple (1/1) D:6          Bailey (1/1)

Altars:
Ashenzari
Cheibriados
Dithmenos
Elyvilon
Fedhas
Gozag
Hepliaklqana
Kikubaaqudgha
Makhleb
Nemelex Xobeh
Okawaru
Qazlal
Ru
Sif Muna
Trog
Uskayaw
Vehumet
Wu Jian
Yredelemnul
Zin
The Shining One


Innate Abilities, Weirdness & Mutations

You have razor-sharp toenails.
A weak demonic guardian rushes to your aid.
You are partially covered in sharp spines.
Your movements are slightly less encumbered by armour. (ER -2)


Message History

The orc warlord roars a battlecry!
The orc warlord hits you from afar with a cursed -3 glaive.
The orc knight roars a battlecry!
The orc warlord goes into a battle-frenzy!
A red film seems to cover your vision as you go berserk!
You feel yourself moving faster!
You feel mighty! The orc warlord closely misses you.
You feel a strong urge to attack something.
The orc warlord is struck by your spines.
The orc warlord barely misses you.
Your chain mail prevents you from hitting the orc warlord.
The orc warlord is lightly wounded.
The orc warrior no longer looks unusually strong.
You slash the orc warlord!
The orc warlord is lightly wounded.
You slash the orc warlord! You claw the orc warlord.
The orc warlord is moderately wounded.
The orc warlord hits you with a cursed -3 glaive!!!
Ouch! That really hurt!
You die...

##.....##.........##..)[[##
##+####...........####'##
#.........##..[))##
#.........#.......#
#.gggg..##.......##
.oooog.#.........#
#ooo###.........##
###o###.....⌠.....#
##88@88##.........##
#.......#.........#
##.......##.......##
+.........).......#
##........)##.....##
#.....⌠.....#######
##.........## #.........#
##.......##


You could see an orc warlord (strong), an orc knight (strong), 6 orc warriors, a
hobgoblin and 4 goblins.

Vanquished Creatures
  Sigmund (D:3)
  Eustachio (D:5)
  4 orc warriors (Bailey)
  2 sky beasts
  A phantom (D:4)
  A centaur (D:7)
  A bullfrog (D:7)
  2 howler monkeys
  A vampire bat (D:4)
  3 orc wizards
  Crazy Yiuf (D:2)
  2 orc priests
  2 hounds
  An iguana (D:6)
  A killer bee zombie (D:6)
  6 adders
  11 gnolls (Bailey)
  A white imp (D:6)
  An ufetubus (D:6)
  An ooze (D:3)
  An adder zombie (D:6)
  An adder skeleton (D:4)
  A worm (D:3)
  3 dart slugs
  2 leopard geckos
  14 orcs
  3 giant cockroaches
  9 goblins
  17 hobgoblins
  12 jackals
  2 ball pythons
  15 bats
  4 frilled lizards
  A giant cockroach zombie (D:6)
  6 kobolds
  A quokka skeleton (D:6)
  5 rats
141 creatures vanquished.

Vanquished Creatures (collateral kills)
  An orc knight (Bailey)
  A bullfrog (D:6)
  2 gnolls (Bailey)
  An orc (Bailey)
  2 hobgoblins (Bailey)
7 creatures vanquished.

Vanquished Creatures (others)
  19 plants (D:3)
19 creatures vanquished.

Grand Total: 167 creatures vanquished

Notes
Turn   | Place    | Note
-------+----------+-------------------------------------------
     0 | D:1      | KristoblXynda the Demonspawn Gladiator began the quest for
                  | the Orb.
     0 | D:1      | Reached XP level 1. HP: 16/16 MP: 1/1
   703 | D:1      | Gained mutation: You have sharp toenails. [demonic
                  | ancestry]
   703 | D:1      | Reached XP level 2. HP: 21/22 MP: 2/2
  1179 | D:2      | Reached skill level 3 in Axes
  1428 | D:2      | Gained mutation: Your movements are slightly less
                  | encumbered by armour. (ER -2) [demonic ancestry]
  1428 | D:2      | Reached XP level 3. HP: 28/28 MP: 3/3
  1432 | D:2      | You fall into a shaft and drop 2 floors!
  1433 | D:4      | Noticed a phantom
  1443 | D:4      | Reached skill level 1 in Armour
  1682 | D:3      | Noticed Sigmund
  1825 | D:2      | Reached XP level 4. HP: 32/34 MP: 4/4
  1880 | D:2      | Found a faded altar of an unknown god.
  2089 | D:2      | Found a runed translucent door.
  2090 | D:2      | Noticed Crazy Yiuf
  2253 | D:2      | Killed Crazy Yiuf
  2611 | D:3      | Reached XP level 5. HP: 37/41 MP: 5/5
  2802 | D:3      | Found a glowing silver altar of Zin.
  2802 | D:3      | Found a glowing golden altar of the Shining One.
  2848 | D:3      | Killed Sigmund
  2849 | D:3      | Reached skill level 4 in Axes
  2849 | D:3      | Gained mutation: You have razor-sharp toenails. [demonic
                  | ancestry]
  2849 | D:3      | Reached XP level 6. HP: 42/47 MP: 6/6
  3550 | D:4      | Reached skill level 5 in Axes
  3749 | D:4      | Gained mutation: You are partially covered in sharp spines.
                  | [demonic ancestry]
  3749 | D:4      | Reached XP level 7. HP: 52/52 MP: 7/7
  3834 | D:4      | Found a glowing golden altar of the Shining One.
  3909 | D:5      | Entered Level 5 of the Dungeon
  4289 | D:5      | Found an iron altar of Okawaru.
  4291 | D:5      | Noticed Eustachio
  4310 | D:5      | Killed Eustachio
  4956 | D:6      | Found a staircase to the Ecumenical Temple.
  5066 | Temple   | Entered the Ecumenical Temple
  5086 | Temple   | Became a worshipper of Warmaster Okawaru
  5134 | D:6      | Found a burning altar of Makhleb.
  5212 | D:6      | Reached skill level 6 in Axes
  5298 | D:6      | Reached skill level 5 in Dodging
  5307 | D:6      | Gained mutation: A weak demonic guardian rushes to your
                  | aid. [demonic ancestry]
  5307 | D:6      | Reached XP level 8. HP: 24/58 MP: 8/8
  5943 | D:7      | Reached * piety under Okawaru
  5979 | D:7      | Found a flagged portal.
  5987 | Bailey   | Entered a bailey
  6075 | Bailey   | Reached skill level 7 in Axes
  6427 | Bailey   | Noticed an orc knight
  6463 | Bailey   | Killed an orc knight
  6463 | Bailey   | Reached ** piety under Okawaru
  6464 | Bailey   | Reached skill level 5 in Armour
  6464 | Bailey   | Reached XP level 9. HP: 20/63 MP: 9/9
  6469 | Bailey   | Reached skill level 8 in Axes
  6746 | Bailey   | Noticed an orc warlord
  6747 | Bailey   | Noticed an orc knight
  6777 | Bailey   | Slain by an orc warlord

Illustrated notes

Levels and vault maps discovered:
D:1:      dpeg_arrival_yet_another_circle, layout_basic
D:2:      layout_rooms, chequers_ecumenical_altar_grove, uniq_crazy_yiuf_cottage
D:3:      layout_rooms, gammafunk_temple_overflow_wave, serial_bayou_lake_a,
          uniq_sigmund
D:4:      layout_rooms, roderic_batcave, grunt_ministairs_15,
          nicolae_tso_swordbearing_angel
D:5:      layout_basic, basic_altar, uniq_eustachio
D:6:      layout_basic, bloody_makhleb, minmay_temple_entry_statues_fountains,
          st_stairs_5
D:7:      layout_loops_corners, lemuel_round_altar, enter_bailey_2,
          minmay_ruffians
Temple:   nicolae_temple_no_exploring_needed
Bailey:   bailey_axe_minmay_hex_keep, bailey

Skill      XL: |  1  2  3  4  5  6  7  8  9 |
---------------+----------------------------+-----
Throwing       | 2 |  2.0
Axes           | 3 4 5 6 7 8 |  8.0
Dodging        | 3 4 5 6 |  6.1
Armour         | 1 2 3 5 |  5.2
Fighting       | 3 |  3.0

Action                   |  1- 3 |  4- 6 |  7- 9 || total
-------------------------+-------+-------+-------++-------
Melee: War axe           |    82 |   114 |   164 ||   360
       Kick              |     8 |    33 |    54 ||    95
Throw: Throwing net      |       |     3 |     2 ||     5
Invok: Heroism           |       |       |     1 ||     1
  Use: Potion            |     2 |       |     8 ||    10
       Scroll            |       |     1 |    13 ||    14
 Stab: Sleeping          |     2 |     1 |     1 ||     4
       Held in net/web   |       |       |     3 ||     3
Armor: Leather armour    |    24 |    39 |    22 ||    85
       Ring mail         |       |       |    21 ||    21
Dodge: Dodged            |    69 |    80 |   148 ||   297

Table legend: (Time is in decaauts)
 A = Elapsed time spent in this place.
 B = Non-inter-level travel time spent in this place.
 C = Inter-level travel time spent in this place.
 D = Time resting spent in this place.
 E = Time spent auto-exploring this place.
 F = Levels seen in this place.
 G = Mean time per level.
                   A        B        C        D        E       F      G
               +--------+--------+--------+--------+--------+-----+--------+
         Total |   6904 |   6709 |    195 |   2103 |   3168 |   9 |  767.1 |
       Dungeon |   6066 |   5871 |    195 |   1593 |   3168 |   7 |  866.6 |
        Temple |     28 |     28 |      0 |      0 |      0 |   1 |   28.0 |
        Bailey |    809 |    809 |      0 |    510 |      0 |   1 |  809.0 |
               +--------+--------+--------+--------+--------+-----+--------+

Top non-repeatable levels by time:
     D:1: 1369 daAuts
     D:6: 973 daAuts
     D:4: 965 daAuts
     D:2: 937 daAuts
     D:5: 831 daAuts
  Bailey: 809 daAuts
     D:3: 731 daAuts
     D:7: 258 daAuts
  Temple: 28 daAuts
